 Dungeon Crawl Stone Soup version 0.32-a0-913-g739538afd8 (webtiles) character file.

Game seed: 10394627183420865717

7618 runemasterragnar the Skirmisher (level 11, -8/85 HPs)
             Began as a Coglin Hunter on Apr 7, 2024.
             Hit by a large rock thrown by a cyclops (12 damage)
             ... on level 11 of the Dungeon.
             The game lasted 00:13:26 (10600 turns).

runemasterragnar the Skirmisher (Coglin Hunter)    Turns: 10600, Time: 00:13:26

Health: -8/85      AC:  7    Str: 11    XL:     11   Next: 18%
Magic:  11/11      EV: 16    Int: 12    God:
Gold:   421        SH:  0    Dex: 25    Spells: 10/10 levels left

rFire   . . .        a - +3 sling (heavy) {Birgit}
rCold   + . .        d - +0 sling (elec) {Vesna}
rNeg    + . .        o - +1 leather armour of Ennoudaz {rN+ Dex+4}
rPois   .            v - +0 helmet
rElec   .            (no cloak)
rCorr   .            k - +0 pair of gloves
SInv    .            w - +0 pair of boots
Will    .....        (amulet unavailable)
Stlth   ++++         (ring unavailable)
HPRegen 0.34/turn    (ring unavailable)
MPRegen 0.12/turn    (no gizmo)

%: clarity
@: revving
A: off-hand wielding, slow wielding, warmup strikes, no jewellery, clarity,
clever 1, cold resistance 1
a: Invent Gizmo


You were on level 11 of the Dungeon.
You visited 2 branches of the dungeon, and saw 12 of its levels.

You collected 421 gold pieces.

Inventory:

Hand Weapons
 a - a +3 heavy sling (weapon) {Birgit}
 d - a +0 sling of electrocution (offhand) {Vesna}
Armour
 h - +0 steam dragon scales
 k - a +0 pair of gloves (worn)
 o - the +1 leather armour of Ennoudaz (worn) {rN+ Dex+4}
   (You found it on level 4 of the Dungeon)

   Dex+4:     It affects your dexterity (+4).
   rN+:       It protects you from negative energy.
 q - a +0 leather armour of poison resistance
 v - a +0 helmet (worn)
 w - a +0 pair of boots (worn)
Wands
 s - a wand of mindburst (9)
Scrolls
 b - 3 scrolls of enchant armour
 f - 3 scrolls of immolation
 i - 2 scrolls of revelation
 m - 2 scrolls of vulnerability
 n - 2 scrolls of brand weapon
 r - a scroll of teleportation
 t - a scroll of amnesia
Potions
 c - a potion of brilliance {unknown}
 e - 4 potions of enlightenment
 g - a potion of might
 j - 2 potions of attraction
 l - 2 potions of degeneration
 p - 2 potions of lignification
 u - 3 potions of heal wounds
 x - a potion of ambrosia {unknown}


   Skills:
 + Level 7.6 Fighting
 * Level 10.4 Ranged Weapons
 + Level 7.0 Dodging
 + Level 6.7 Stealth
 + Level 5.0 Evocations


You had 10 spell levels left.
You didn't know any spells.
Your spell library contained the following spells:

 Spells                   Type           Power      Damage    Failure   Level
 Apportation              Tloc           0%         N/A       41%         1
 Sandblast                Erth           0%         2d4       41%         1
 Jinxbite                 Hex            0%         N/A       54%         2
 Stone Arrow              Conj/Erth      0%         3d7       78%         3
 Brom's Barrelling Bould  Conj/Erth      0%         2d3       99%         4
 Alistair's Intoxication  Alch           0%         N/A       100%        5
 Summon Forest            Summ/Tloc      0%         N/A       100%        5
 Eringya's Noxious Bog    Alch           0%         4d6       100%        6
 Haunt                    Necr/Summ      0%         N/A       100%        7
 Summon Hydra             Summ           0%         N/A       100%        7
 Borgnjor's Revivificati  Necr           0%         N/A       100%        8
 Death's Door             Necr           0%         N/A       100%        9


Dungeon Overview and Level Annotations

Branches:
Dungeon (11/15)            Temple (1/1) D:6
   Lair: D:8-11         Orc: D:9-12

Altars:
Ashenzari
Cheibriados
Dithmenos
Elyvilon
Fedhas
Gozag
Hepliaklqana
Kikubaaqudgha
Makhleb
Nemelex Xobeh
Qazlal
Ru
Sif Muna
Trog
Uskayaw
Vehumet
Wu Jian
Xom
Yredelemnul
Zin
The Shining One


Innate Abilities, Weirdness & Mutations

You can wield a second weapon in your off-hand.
It takes a long time for you to wield or remove held weapons.
Your first few attacks do less damage.
You cannot equip rings or amulets.
You possess an exceptional clarity of mind.
Your mind is acute. (Int +4, Str/Dex -1)
Your flesh is cold resistant. (rC+)


Message History

The sling bullet hits the cyclops but does no damage.
You shoot a sling bullet.
The sling bullet hits the cyclops but does no damage.
The cyclops throws a large rock.
The large rock hits you!!
You are too injured to fight recklessly!
Unknown command.
You are too injured to fight recklessly!
You are too injured to fight recklessly!
A cyclops is nearby!
You are too injured to fight recklessly!
Fire: a) +3 sling (heavy) {Birgit}
Press: ? - help, Q - select action, (/) - cycle Shift-Dir - straight line, f/p - cyclops
Aim: a cyclops, quivering large rocks (90% to hit)
You shoot a sling bullet. The sling bullet hits the cyclops!
The cyclops is lightly wounded.
You shoot a sling bullet. The sling bullet hits the cyclops.
The cyclops is lightly wounded.
Fire: a) +3 sling (heavy) {Birgit}
Press: ? - help, Q - select action, (/) - cycle Shift-Dir - straight line, f/p - cyclops
Aim: a cyclops, quivering large rocks (lightly wounded, 90% to hit)
You shoot a sling bullet. The sling bullet hits the cyclops!
The cyclops is moderately wounded.
You shoot a sling bullet.
The sling bullet completely misses the cyclops.
The cyclops throws a large rock.
The large rock hits you!!!
Ouch! That really hurt!
* * * LOW HITPOINT WARNING * * *
You hear an angry buzzing noise.
Unknown command.
Fire: a) +3 sling (heavy) {Birgit}
Press: ? - help, Q - select action, (/) - cycle Shift-Dir - straight line, f/p - cyclops
Aim: a cyclops, quivering large rocks (moderately wounded, 90% to hit)
You shoot a sling bullet.
The sling bullet hits the cyclops but does no damage.
The cyclops is moderately wounded.
You shoot a sling bullet.
The sling bullet completely misses the cyclops.
Okay, then.
The cyclops throws a large rock.
The large rock hits you!
You die...

##.................
#..........[........
#....#...##.#####<.....
#.###...###.# #...... #
#.#.###.## #......
#.#..##..####......
######.##.#......#......
.....#.##........#......
#...@.##......####.##
###.#.........####.##
#.####............. #.#
#............. ...
#............. ...=.
#.............
...C......^........[.
..............#......#
..........#############


You could see a cyclops.

Vanquished Creatures
  A two-headed ogre (D:11)
  Amaemon (D:8)
  Pikel (D:6)
  Maggie (D:8)
  An orange demon (D:8)
  Jeremiah (D:7)
  A troll (D:9)
  Sigmund (D:5)
  A basilisk (D:11)
  3 yaks (D:9)
  Eustachio (D:4)
  A wyvern (D:8)
  Menkaure (D:5)
  A water moccasin (D:7)
  An orc warrior (D:8)
  3 ogres
  8 centaurs
  4 lemures (D:6)
  A phantom (D:7)
  3 kobold brigands
  Blork the orc (D:5)
  2 bullfrogs
  3 scorpions
  16 killer bees
  7 electric eels (D:10)
  A howler monkey (D:4)
  A bombardier beetle (D:4)
  4 hounds
  A quasit (D:5)
  A jelly (D:6)
  6 iguanas
  5 orc priests
  2 sleepcaps (D:6)
  9 orc wizards
  6 gnolls
  8 adders
  A white imp (D:5)
  2 dart slugs
  3 ribbon worms
  32 orcs
  8 ball pythons
  5 endoplasms
  5 giant cockroaches
  12 goblins
  13 hobgoblins
  23 kobolds
  2 quokkas (D:3)
  5 bats
  2 frilled lizards (D:2)
  A goblin skeleton (D:5)
  3 hobgoblin zombies (D:5)
  A kobold skeleton (D:5)
  2 orc skeletons (D:5)
  4 rats
233 creatures vanquished.

Vanquished Creatures (others)
  A quokka (D:2)
1 creature vanquished.

Grand Total: 234 creatures vanquished

Notes
Turn   | Place    | Note
-------+----------+-------------------------------------------
     0 | D:1      | runemasterragnar the Coglin Hunter began the quest for the
                  | Orb.
     0 | D:1      | Reached XP level 1. HP: 16/16 MP: 1/1
    76 | D:1      | Reached skill level 1 in Stealth
   117 | D:1      | Reached XP level 2. HP: 22/22 MP: 2/2
   447 | D:1      | Reached XP level 3. HP: 27/27 MP: 3/3
   687 | D:1      | Reached skill level 4 in Ranged Weapons
  1178 | D:2      | Reached XP level 4. HP: 34/34 MP: 4/4
  1521 | D:2      | Reached XP level 5. HP: 26/40 MP: 5/5
  2015 | D:3      | Reached XP level 6. HP: 44/47 MP: 6/6
  2033 | D:3      | Reached skill level 5 in Ranged Weapons
  2050 | D:3      | Found a burning altar of Makhleb.
  2339 | D:4      | Identified the +1 leather armour of Ennoudaz {rN+ Dex+4}
  3263 | D:4      | Reached XP level 7. HP: 33/52 MP: 7/7
  3646 | D:5      | Entered Level 5 of the Dungeon
  3657 | D:5      | Noticed Menkaure
  3663 | D:5      | Killed Menkaure
  3803 | D:5      | Reached skill level 6 in Ranged Weapons
  3835 | D:5      | Noticed Blork the orc
  3916 | D:5      | Found a sacrificial altar of Ru.
  3927 | D:5      | Noticed Sigmund
  3931 | D:5      | Reached XP level 8. HP: 61/61 MP: 8/8
  4054 | D:5      | Noticed Eustachio
  4612 | D:4      | Killed Eustachio
  4925 | D:5      | Found a glowing golden altar of the Shining One.
  5101 | D:5      | Killed Sigmund
  5102 | D:5      | Reached skill level 5 in Fighting
  5102 | D:5      | Reached skill level 7 in Ranged Weapons
  5350 | D:6      | Found a white marble altar of Elyvilon.
  5495 | D:6      | Noticed Pikel
  5503 | D:6      | Killed Pikel
  5504 | D:6      | Reached skill level 5 in Dodging
  5504 | D:6      | Reached XP level 9. HP: 65/68 MP: 9/9
  5562 | D:6      | Reached skill level 8 in Ranged Weapons
  5566 | D:6      | Gained mutation: You possess an exceptional clarity of
                  | mind. [potion of mutation]
  5566 | D:6      | Gained mutation: Your mind is acute. (Int +4, Str/Dex -1)
                  | [potion of mutation]
  5566 | D:6      | Gained mutation: Your flesh is cold resistant. (rC+)
                  | [potion of mutation]
  5780 | D:6      | Found a staircase to the Ecumenical Temple.
  5806 | D:6      | Reached skill level 5 in Stealth
  5822 | Temple   | Entered the Ecumenical Temple
  6811 | D:7      | Found a shadowy altar of Dithmenos.
  6830 | D:7      | Noticed Jeremiah
  6843 | D:7      | Killed Jeremiah
  6844 | D:7      | Reached XP level 10. HP: 77/77 MP: 10/10
  6900 | D:7      | Found a hazy altar of Hepliaklqana.
  6971 | D:7      | Found a hide-covered altar of Uskayaw.
  7008 | D:7      | Reached skill level 9 in Ranged Weapons
  7008 | D:7      | Reached skill level 1 in Evocations
  7551 | D:8      | Noticed Maggie
  7653 | D:8      | Found a stormy altar of Qazlal.
  7681 | D:8      | Noticed an orange demon
  7684 | D:8      | Noticed Amaemon
  7695 | D:8      | Killed an orange demon
  7828 | D:8      | Killed Maggie
  8338 | D:8      | Found a shimmering blue altar of Sif Muna.
  8398 | D:8      | Killed Amaemon
  8909 | D:8      | Found a sparkling altar of Nemelex Xobeh.
  8909 | D:8      | Found a basalt altar of Yredelemnul.
  9028 | D:5      | Killed Blork the orc
  9261 | D:9      | Found an ornate altar of the Wu Jian Council.
  9410 | D:9      | Reached skill level 10 in Ranged Weapons
  9520 | D:9      | Identified the +3 falchion "Otsehio" {flame, rCorr Int-5
                  | Dex+5}
  9858 | D:9      | Reached XP level 11. HP: 82/84 MP: 11/11
 10098 | D:10     | Entered Level 10 of the Dungeon
 10375 | D:11     | Noticed a two-headed ogre
 10380 | D:11     | Killed a two-headed ogre
 10581 | D:11     | Reached skill level 5 in Evocations
 10594 | D:11     | Noticed a cyclops
 10597 | D:11     | HP: 3/85 [cyclops/large rock (49)]
 10600 | D:11     | Hit by a large rock thrown by a cyclops

Illustrated notes

Levels and vault maps discovered:
D:1:      dpeg_arrival_morbid_curiosity, layout_basic
D:2:      layout_loops_cross, minmay_vboxes
D:3:      layout_basic, nicolae_overflow_crystal_walls, serial_park_tiny_pond,
          kennysheep_generic_room_15
D:4:      layout_basic
D:5:      layout_cave_pools, mainiacjoe_overflow_alcove_4,
          nicolae_tso_besieged_by_evil, nicolae_figureground_pulse,
          uniq_eustachio, uniq_blork_the_orc, uniq_sigmund, uniq_menkaure
D:6:      layout_rooms, old_standard_altar, minmay_temple_entry_metal_lava,
          st_stairs_13, dk_noncrumbling_3, uniq_pikel
D:7:      layout_basic, nicolae_dithmenos_the_darkroom,
          nicolae_uskayaw_dance_hall, nicolae_hepliaklqana_hazy_memory,
          grunt_decor_junction, st_stairs_5, minmay_misc_feat_rows,
          uniq_jeremiah
D:8:      layout_rooms, kennysheep_mini_moat, nicolae_qazlal_eye_of_the_storm,
          gammafunk_temple_overflow_elements, uniq_maggie, uniq_amaemon
D:9:      layout_stronghold, nicolae_wu_jian_wuxing_cycle,
          nicolae_concentric_dashed_squares_mild
D:10:     erik_rubicon_a, layout_gridville, general_overflow_altar,
          hellmonk_lair_entry_icy
D:11:     layout_rooms
Temple:   hellmonk_temple_rainy

Skill      XL: |  1  2  3  4  5  6  7  8  9 10 11 |
---------------+----------------------------------+-----
Stealth        | 1 2 3 4 5 6 |  6.7
Dodging        | 2 3 5 6 7 |  7.0
Ranged Weapons | 4 5 6 7 8 10 | 10.4
Fighting       | 3 4 5 6 7 |  7.6
Evocations     | 4 5 |  5.0

Action                     |  1- 3 |  4- 6 |  7- 9 | 10-12 || total
---------------------------+-------+-------+-------+-------++-------
   Fire: Sling             |   154 |   234 |   506 |   350 ||  1244
  Evoke: Wand              |       |       |       |     2 ||     2
    Use: Scroll            |       |     3 |     9 |     8 ||    20
         Potion            |       |       |     5 |     3 ||     8
 Armour: Leather armour    |     5 |    30 |   103 |    55 ||   193
  Dodge: Dodged            |     8 |    23 |   103 |    65 ||   199

Table legend: (Time is in decaauts)
 A = Elapsed time spent in this place.
 B = Non-inter-level travel time spent in this place.
 C = Inter-level travel time spent in this place.
 D = Time resting spent in this place.
 E = Time spent auto-exploring this place.
 F = Levels seen in this place.
 G = Mean time per level.
                   A        B        C        D        E       F      G
               +--------+--------+--------+--------+--------+-----+--------+
         Total |  10748 |  10008 |    740 |   3149 |   5309 |  12 |  895.7 |
       Dungeon |  10746 |  10006 |    740 |   3149 |   5309 |  11 |  976.9 |
        Temple |      1 |      1 |      0 |      0 |      0 |   1 |    1.0 |
               +--------+--------+--------+--------+--------+-----+--------+

Top non-repeatable levels by time:
     D:4: 2243 daAuts
     D:8: 1426 daAuts
     D:7: 1365 daAuts
     D:6: 1024 daAuts
     D:5: 938 daAuts
     D:9: 890 daAuts
     D:1: 862 daAuts
     D:2: 828 daAuts
     D:3: 659 daAuts
    D:10: 268 daAuts
    D:11: 238 daAuts
  Temple: 1 daAuts
